 Dungeon Crawl Stone Soup version 0.29.1-15-g9cfb28693d (webtiles) character file.

Game seed: 15277334247578007293

11658 adizb the Fighter (level 11, -3/101 HPs)
             Began as a Yellow Draconian Monk on Apr 27, 2023.
             Was a Priest of Fedhas.
             Slain by a komodo dragon (24 damage)
             ... on level 3 of the Lair of Beasts.
             The game lasted 00:57:20 (9884 turns).

adizb the Fighter (Yellow Draconian Monk)           Turns: 9884, Time: 00:57:20

Health: -3/101     AC: 19    Str: 16    XL:     11   Next: 52%
Magic:  14/16      EV: 16    Int: 12    God:    Fedhas [***...]
Gold:   546        SH:  0    Dex: 14    Spells: 11/17 levels left

rFire   . . .      SeeInvis .   w - +2 war axe (venom)
rCold   . . .      Faith    .   (no shield)
rNeg    . . .      Spirit   .   (body armour unavailable)
rPois   +          Reflect  .   (helmet restricted)
rElec   .          Harm     .   H - +1 cloak
rCorr   +          Rampage  .   A - +1 pair of gloves
Will    .....                   (no boots)
Stlth   +.........              (no amulet)
HPRegen 0.26/turn               o - +4 ring of protection
MPRegen 0.15/turn               t - +4 ring of protection

@: confused, short of breath
A: spit acid, AC +7, unfitting armour, cold-blooded, acid resistance, hooves 1,
horns 1, stinger 1, poison resistance
a: Breathe Acid, Renounce Religion, Wall of Briars, Grow Ballistomycete


You were on level 3 of the Lair of Beasts.
You worshipped Fedhas.
Fedhas was most pleased with you.
You visited 3 branches of the dungeon, and saw 13 of its levels.
You also visited: Sewer.

You collected 598 gold pieces.
You spent 52 gold pieces at shops.

Inventory:

Hand Weapons
 a - a +0 morningstar
 h - a +0 whip of venom
 w - a +2 war axe of venom (weapon)
Missiles
 F - a throwing net
Armour
 y - a +0 helmet
 A - a +1 pair of gloves (worn)
 H - a +1 cloak (worn)
Magical Staves
 j - a staff of death
Jewellery
 d - a ring of positive energy
 e - a ring of protection from fire
 o - a +4 ring of protection (left hand)
 r - a ring of positive energy
 t - a +4 ring of protection (right hand)
Wands
 m - a wand of mindburst (8)
 B - a wand of paralysis (4)
 D - a wand of flame (50)
Scrolls
 i - 3 scrolls of teleportation
 k - 3 scrolls of poison
 l - 2 scrolls of blinking
 n - a scroll of enchant armour {unknown}
 q - a scroll of vulnerability {unknown}
 s - a scroll of noise {unknown}
 C - 3 scrolls of magic mapping
Potions
 b - 2 potions of ambrosia
 c - 3 potions of curing
 f - 3 potions of magic {unknown}
 g - a potion of resistance {unknown}
 p - a potion of mutation
 u - a potion of might {unknown}
 v - a potion of cancellation {unknown}
 x - 4 potions of flight
 z - 2 potions of lignification
 G - 2 potions of heal wounds
Miscellaneous
 E - a phantom mirror


   Skills:
 * Level 10.8 Fighting
 + Level 8.0(8.7) Axes
 - Level 4.9(7.1) Maces & Flails
 + Level 9.0 Dodging
 - Level 1.7 Stealth
 + Level 3.9 Spellcasting
 - Level 2.0 Conjurations
 + Level 2.3 Necromancy
 - Level 3.0 Air Magic
 - Level 1.0 Poison Magic
 + Level 6.5 Invocations
 + Level 2.0 Evocations


You had 11 spell levels left.
You knew the following spells:

 Your Spells              Type           Power      Damage    Failure   Level
a - Static Discharge      Conj/Air       8%         3-4/arc   12%         2
b - Dispel Undead         Necr           8%         3d8       63%         4

Your spell library contained the following spells:

 Spells                   Type           Power      Damage    Failure   Level
 Poisonous Vapours        Pois/Air       14%        N/A       16%         2
 Sting                    Tmut/Pois      12%        1d3       19%         1
 Corpse Rot               Necr/Pois/Air  7%         N/A       67%         4
 Olgreb's Toxic Radiance  Pois           4%         N/A       83%         4
 Sticky Flame             Conj/Fire      4%         2d3       83%         4


Dungeon Overview and Level Annotations

Branches:
Dungeon (9/15)             Temple (1/1) D:7            Lair (3/5) D:8
  Swamp (0/4) Lair:2        Snake (0/4) Lair:2        Sewer (visited)
    Orc: D:9-12

Altars:
Ashenzari
Elyvilon
Fedhas
Gozag
Hepliaklqana
Kikubaaqudgha
Makhleb
Nemelex Xobeh
Okawaru
Qazlal
Ru
Sif Muna
Uskayaw
Wu Jian
Xom
Yredelemnul
Zin
The Shining One

Shops:
D:2 *

Annotations:
D:4 3 runed translucent doors, MysteronAgent's ghost, amateur DrBr; ineptsparrow's ghost, amateur HOMo


Innate Abilities, Weirdness & Mutations

You can spit globs of acid.
Your golden yellow scales are hard. (AC +7)
You cannot fit into any form of body armour.
You are cold-blooded and may be slowed by cold attacks.
You are resistant to acid. (rCorr)
You have large cloven feet.
You have a pair of small horns on your head.
Your tail ends in a venomous barb.
Your system is resistant to poisons. (rPois)


Message History

The explosion of spores engulfs the yak!
The yak is almost dead.
The yak appears confused.
The explosion of spores engulfs the yak!!
The yak is heavily wounded.
You slash the bullfrog! Your kick misses the bullfrog.
Your tail-slap misses the bullfrog.
The bullfrog is heavily wounded.
The bullfrog closely misses you. The bullfrog completely misses you.
Something barely misses the komodo dragon.
The komodo dragon bites something!!
You hit the bullfrog.
The bullfrog is poisoned.
Your kick misses the bullfrog. Your headbutt misses the bullfrog.
The bullfrog is severely wounded.
The bullfrog closely misses you. The bullfrog barely misses you.
You slash the yak!
You kill the yak!
Fedhas appreciates your contribution to the ecosystem.
You closely miss the bullfrog.
The bullfrog hits you but does no damage.
The yak gores the komodo dragon but does no damage.
The yak gores itself!
The bullfrog hits you.
A ballistomycete spore comes into view.
You see here a yak corpse.
You hit the bullfrog.
You kill the bullfrog!
Fedhas appreciates your contribution to the ecosystem.
You catch the helpless yak completely off-guard!
You hit the yak.
The yak is poisoned.
You closely miss the komodo dragon.
Your ballistomycete spore explodes!
The yak appears confused.
The explosion of spores engulfs the yak!
You kill the yak!
Fedhas appreciates your contribution to the ecosystem.
The explosion of spores engulfs you!
You are confused.
* * * LOW HITPOINT WARNING * * *
The komodo dragon bites you!!
You die...
Fedhas appreciates your contribution to the ecosystem.

##..#####....###
.............#.#.
.........<.......
.................
.................
.................
.................
...####..#......#
.. ###.#@..P....P
. #....[l.......
.#......##.Y...
......P.†# .....
.##............#
. #.......#.....
######.#. ....
...#. ..# ... ..
..


You could see a komodo dragon (ally target), a yak and a friendly ballistomycete
(summoned).

Vanquished Creatures
  Harold (Lair:2)
  5 death yaks
  Joseph (D:7)
  3 cane toads
  3 komodo dragons
  A rime drake (Lair:2)
  A troll (D:9)
  A polar bear (Lair:1)
  Prince Ribbit (D:7)
  A hornet (D:9)
  2 wyverns
  3 yaks (Lair:3)
  2 steam dragons
  Menkaure (D:7)
  5 water moccasins
  Duvessa (D:7)
  2 sky beasts
  A black bear (Lair:2)
  An ogre (D:7)
  3 wolves (Lair:2)
  4 centaurs
  2 kobold brigands
  2 phantoms
  7 bullfrogs
  A necrophage (D:6)
  3 scorpions
  8 wights
  Dowan (D:7)
  2 killer bees (D:9)
  An electric eel (Lair:1)
  A crimson imp (D:8)
  2 hounds
  A jelly (D:6)
  5 orc priests
  3 gnoll boudas
  4 iguanas
  3 orc wizards
  17 gnolls
  7 adders
  8 river rats
  2 shadow imps (D:7)
  2 worms
  3 dart slugs
  23 orcs
  6 ball pythons
  7 endoplasms
  5 giant cockroaches
  6 goblins
  9 hobgoblins
  12 jackals
  14 kobolds
  13 quokkas
  7 bats
  3 frilled lizards (D:2)
  A goblin skeleton (D:8)
  A goblin zombie (D:8)
  A hobgoblin zombie (D:8)
  A kobold skeleton (D:8)
  2 kobold zombies (D:8)
  3 orc skeletons (D:8)
  An orc zombie (D:8)
  20 rats
263 creatures vanquished.

Vanquished Creatures (collateral kills)
  A kobold brigand (D:9)
  A killer bee (D:9)
  4 kobolds (D:9)
  5 ballistomycete spores (Lair:3)
11 creatures vanquished.

Vanquished Creatures (others)
  A bat (D:1)
  2 fungi
  9 plants
  5 withered plants (D:4)
17 creatures vanquished.

Grand Total: 291 creatures vanquished

Notes
Turn   | Place    | Note
-------+----------+-------------------------------------------
     0 | D:1      | adizb the Draconian Monk began the quest for the Orb.
     0 | D:1      | Reached XP level 1. HP: 19/19 MP: 1/1
   140 | D:1      | Reached XP level 2. HP: 14/26 MP: 2/2
   522 | D:1      | Found a faded altar of an unknown god.
   938 | D:2      | Reached XP level 3. HP: 33/33 MP: 3/3
  1517 | D:2      | Found a hide-covered altar of Uskayaw.
  1563 | D:2      | Found Disyahu's Assorted Antiques.
  1571 | D:2      | Bought a scroll labelled YNKIEX WALEHY for 26 gold pieces
  1571 | D:2      | Bought a scroll labelled HOFICLUIRGH for 26 gold pieces
  1617 | D:2      | Reached skill level 4 in Fighting
  1847 | D:3      | Reached XP level 4. HP: 34/40 MP: 4/4
  1983 | D:3      | Reached skill level 1 in Maces & Flails
  1988 | D:3      | HP: 1/40 [orc priest/divine providence (13)]
  1990 | D:3      | Reached XP level 5. HP: 10/47 MP: 5/5
  2536 | D:4      | Noticed a phantom
  2556 | D:3      | Killed a phantom
  2566 | D:4      | Reached skill level 1 in Spellcasting
  2576 | D:4      | Noticed a phantom
  2589 | D:4      | Found a hide-covered altar of Uskayaw.
  2611 | D:4      | Killed a phantom
  2612 | D:4      | Reached XP level 6. HP: 24/55 MP: 6/8
  2932 | D:4      | Reached skill level 5 in Fighting
  3121 | D:4      | Found a runed translucent gate.
  3121 | D:4      | Found a runed translucent gate.
  3121 | D:4      | Found a runed translucent gate.
  3124 | D:4      | Noticed MysteronAgent's ghost (amateur DrBr)
  3124 | D:4      | Noticed ineptsparrow's ghost (amateur HOMo)
  3316 | D:5      | Entered Level 5 of the Dungeon
  3385 | D:4      | Found a shimmering blue altar of Sif Muna.
  3478 | D:5      | Found a broken altar of Ashenzari.
  3537 | D:5      | Your scales start taking on a golden yellow colour.
  3537 | D:5      | Reached XP level 7. HP: 58/61 MP: 10/10
  3537 | D:5      | Gained mutation: You are resistant to acid. (rCorr) [Yellow
                  | Draconian growth]
  4049 | D:6      | Reached skill level 6 in Fighting
  4107 | D:6      | Reached skill level 5 in Dodging
  4169 | D:6      | Reached XP level 8. HP: 33/70 MP: 12/12
  4390 | D:6      | Found a glowing drain.
  4395 | Sewer    | Entered a sewer
  4643 | Sewer    | Found a white marble altar of Elyvilon.
  4917 | D:6      | Reached skill level 7 in Fighting
  5310 | D:7      | Noticed Joseph
  5577 | D:7      | Paralysed by a wight for 2 turns
  5588 | D:7      | Paralysed by a wight for 2 turns
  5827 | D:7      | Noticed Dowan
  5828 | D:7      | Noticed Duvessa
  5843 | D:7      | Killed Duvessa
  5844 | D:7      | Reached skill level 1 in Air Magic
  5844 | D:7      | Reached skill level 1 in Poison Magic
  5844 | D:7      | Reached XP level 9. HP: 64/81 MP: 13/13
  6141 | D:7      | Killed Dowan
  6143 | D:7      | Killed Joseph
  6144 | D:7      | Reached skill level 8 in Fighting
  6144 | D:7      | Reached skill level 5 in Axes
  6390 | D:7      | Found a staircase to the Ecumenical Temple.
  6401 | Temple   | Entered the Ecumenical Temple
  6626 | Temple   | Learned a level 2 spell: Static Discharge
  6644 | Temple   | Became a worshipper of Fedhas Madash
  6644 | Temple   | Reached * piety under Fedhas
  6644 | Temple   | Reached ** piety under Fedhas
  6703 | D:7      | Reached skill level 1 in Invocations
  6724 | D:7      | Noticed Prince Ribbit
  6738 | D:7      | Killed Prince Ribbit
  6739 | D:7      | Reached skill level 1 in Conjurations
  6744 | D:7      | Identified the ring "Onuor" {Drain rPois rF+ rC+ rN+}
  6750 | D:7      | Noticed Menkaure
  6762 | D:7      | Killed Menkaure
  7089 | D:8      | Found a glowing golden altar of the Shining One.
  7109 | D:8      | You fall into a shaft and drop 1 floor!
  7160 | D:9      | Paralysed by a hornet for 1 turns
  7237 | D:8      | Reached *** piety under Fedhas
  7273 | D:8      | Reached XP level 10. HP: 90/90 MP: 14/14
  7309 | D:8      | Reached skill level 9 in Fighting
  7379 | D:8      | Noticed a death yak
  7414 | D:8      | Killed a death yak
  7421 | D:8      | Noticed a death yak
  7441 | D:8      | Noticed a death yak
  7448 | D:8      | Noticed a death yak
  7529 | D:8      | Noticed a death yak
  7554 | D:9      | Killed a death yak
  7847 | D:8      | Found a sparkling altar of Nemelex Xobeh.
  7889 | D:8      | Gained mutation: You occasionally shout uncontrollably at
                  | your foes. [potion of mutation]
  7889 | D:8      | Gained mutation: You are resistant to electric shocks.
                  | (rElec) [potion of mutation]
  7890 | D:8      | Lost mutation: You occasionally shout uncontrollably at
                  | your foes. [potion of mutation]
  7890 | D:8      | Lost mutation: You are resistant to electric shocks.
                  | (rElec) [potion of mutation]
  7890 | D:8      | Gained mutation: You have a pair of small horns on your
                  | head. [potion of mutation]
  7890 | D:8      | Gained mutation: Your system is resistant to poisons.
                  | (rPois) [potion of mutation]
  7890 | D:8      | Gained mutation: You have large cloven feet. [potion of
                  | mutation]
  7890 | D:8      | Gained mutation: Your tail ends in a venomous barb. [potion
                  | of mutation]
  7964 | D:8      | Found a staircase to the Lair.
  8004 | D:8      | Killed a death yak
  8005 | D:8      | Reached skill level 5 in Invocations
  8016 | D:8      | Killed a death yak
  8017 | D:8      | Reached skill level 10 in Fighting
  8034 | D:8      | Killed a death yak
  8302 | D:8      | Learned a level 4 spell: Dispel Undead
  8303 | Lair:1   | Entered Level 1 of the Lair of Beasts
  8310 | Lair:1   | Reached XP level 11. HP: 97/100 MP: 15/15
  8804 | Lair:1   | Reached skill level 1 in Necromancy
  9195 | Lair:2   | Reached skill level 1 in Evocations
  9287 | Lair:2   | Noticed Harold
  9311 | Lair:2   | Killed Harold
  9342 | Lair:2   | Found a staircase to the Swamp.
  9473 | Lair:2   | Found a staircase to the Snake Pit.
  9884 | Lair:3   | Slain by a komodo dragon

Illustrated notes

Levels and vault maps discovered:
D:1:      onia_arrival_pentagram, layout_loops_ring,
          nicolae_ecumenical_lake_church, hangedman_abyss_or_decor_lesser_grid
D:2:      layout_loops_corners, serial_shops, shop, basic_altar
D:3:      layout_rooms
D:4:      layout_basic, mainiacjoe_overflow_brackets, marbit_many_paths,
          gammafunk_ghost_cemetery
D:5:      layout_loops_ring, ashenzari_altar_1
D:6:      lemuel_ratsnest, layout_loops_ring, gup_sewer_entry_spiral
D:7:      layout_basic, minmay_temple_entry_antechambers, uniq_joseph,
          uniq_duvessa, uniq_menkaure, uniq_prince_ribbit1
D:8:      layout_cave_pools, nicolae_tso_besieged_by_evil,
          nemelex_xobeh_ov_fountains_minmay, dpeg_lair_monsters
D:9:      layout_stronghold, lemuel_doored_altar, bloody_trog, nicolae_sextant,
          kennysheep_generic_room_15
Temple:   nicolae_temple_bog_church
Lair:1:   layout_regular_city, serial_bayou_crossing, serial_bayou_shore_a,
          grunt_megastairs_2, serial_bayou_shore_b
Lair:2:   layout_regular_city, swamp_mist_pool, dummy_snake_entry,
          beast_lair_carwin_5, uniq_harold
Lair:3:   layout_regular_city, portal_ice_cave_rime

Skill      XL: |  1  2  3  4  5  6  7  8  9 10 11 |
---------------+----------------------------------+-----
Dodging        | 3 4 5 6 7 8 9 |  9.0
Fighting       | 4 5 6 7 8 10 | 10.8
Maces & Flails | 1 2 3 4 |  4.9
Spellcasting   | 1 2 3 |  3.9
Axes           | 4 5 7 8 |  8.0
Air Magic      | 1 3 |  3.0
Poison Magic   | 1 |  1.0
Invocations    | 2 5 6 |  6.5
Conjurations   | 2 |  2.0
Necromancy     | 2 |  2.3
Evocations     | 2 |  2.0
Stealth        | |  1.7

Action                   |  1- 3 |  4- 6 |  7- 9 | 10-12 || total
-------------------------+-------+-------+-------+-------++-------
Melee: Hand axe          |   105 |       |       |       ||   105
       Tailslap          |    18 |    20 |    74 |    34 ||   146
       Punch             |     1 |       |     3 |     5 ||     9
       Whip              |    51 |   163 |   327 |       ||   541
       War axe           |       |       |   136 |   147 ||   283
       Kick              |       |       |       |    39 ||    39
       Headbutt          |       |       |       |    33 ||    33
 Cast: Static Discharge  |       |       |       |     3 ||     3
Invok: Wall of Briars    |       |       |     1 |     4 ||     5
       Grow Ballistomyce |       |       |       |     1 ||     1
 Abil: Breathe Acid      |       |       |    31 |    23 ||    54
Evoke: Wand              |       |       |       |     1 ||     1
  Use: Scroll            |     1 |     2 |     4 |     1 ||     8
       Potion            |       |     2 |     1 |     6 ||     9
 Stab: Sleeping          |     9 |     2 |     6 |       ||    17
       Confused          |       |       |       |     1 ||     1
Armor: Skin              |    40 |    42 |   104 |    67 ||   253
Dodge: Dodged            |    99 |   105 |   312 |   128 ||   644
